AoeStats
← 风暴浩然

Black Forest

507697820Analyzed
3v3 RM · 14d ago on Sep 19, 2026· 21m 44s· 6 players
Game mode
Random Map
Map size
Normal (6 player)
Population
200
Speed
Normal
Resources
Standard
Victory
Conquest
Starting age
Dark Age
Ending age
Imperial Age
RankedLock teamsTeams togetherTeam positionsShared explorationLock speedFull tech treeHidden civsTurbo modeCheats
Victory
Defeat
🇩🇪 Mongols · Germany
961
+16
🇳🇱 Hindustanis · Netherlands
933
+17
🇪🇸 Mapuche · Spain
893
+18
956
-17
🇨🇳 Aztecs · China
949
-17
🇭🇰 Teutons · Hong Kong SAR China
941
-17
风暴戴
12:48 Feudal Age
18:35 Castle Age
17:07 Double-Bit Axe
19:41 Bow Saw
20:28 Wheelbarrow
风暴浩然
0:30 Loom
15:02 Feudal Age
18:08 Horse Collar
20:03 Wheelbarrow
21:51 Castle Age
20:59 Stone Mining
21:42 Gold Mining
开局投降是歹人
0:39 Loom
13:07 Feudal Age
13:39 Double-Bit Axe
15:30 Horse Collar
El Coco Loco
0:29 Loom
15:14 Feudal Age
15:57 Double-Bit Axe
16:41 Horse Collar
18:44 Gold Mining
18:46 Stone Mining
20:37 Wheelbarrow
22:52 Castle Age
20:58 Fletching
21:09 Padded Archer Armor
21:20 Forging
21:15 Scale Barding Armor
sfdejonge
0:27 Loom
13:41 Feudal Age
15:45 Man-at-Arms
22:54 Castle Age
22:42 Wheelbarrow
Lucuman
9:58 Loom
12:30 Feudal Age
17:11 Castle Age
15:29 Double-Bit Axe
15:25 Horse Collar
19:42 Forging
Connection lost

Rejoining the realm…

Still unreachable

The connection could not be restored.

Session expired

The server has moved on; the page needs a fresh start.